 Dungeon Crawl Stone Soup version 0.24-a0-521-g122614bf49 (webtiles) character file.

Game seed: 962635607708805258

25891 Gargoyl the Blocker (level 12, -4/100 HPs)
             Began as a Centaur Abyssal Knight on July 28, 2019.
             Was a High Priest of Lugonu.
             Killed from afar by a lindwurm (27 damage)
             ... with a blast of flame
             ... on level 4 of the Lair of Beasts.
             The game lasted 00:27:27 (17793 turns).

Gargoyl the Blocker (Centaur Abyssal Knight)       Turns: 17793, Time: 00:27:27

Health: -4/100     AC: 18    Str: 30    XL:     12   Next: 93%
Magic:  19/19      EV:  8    Int:  8    God:    Lugonu [*****.]
Gold:   833        SH: 22    Dex: 10    Spells: 11/11 levels left

rFire    . . .     SeeInvis .   q - +4 hand axe (venom)
rCold    + . .     Gourm    .   d - +4 shield
rNeg     + . .     Faith    .   K - +0 chain mail {rF+}
rPois    +         Spirit   .   (no helmet)
rElec    .         Reflect  +   C - +2 cloak {rPois}
rCorr    .         Harm     .   L - +2 pair of gloves {Str+3}
MR       .....     Rnd*Tele +   (no barding)
Stlth    ..........             h - +6 amulet of reflection
HPRegen  0.26/turn              G - ring "Avoikeseo" {Ice Str+8 Int-3 Slay+3}
MPRegen  0.16/turn              r - ring of positive energy

@: flying, very quick
A: large, hooves 3, icy blue scales 1, deformed body, speed 2, teleportitis 1,
tough skin 3, MP-powered wands
a: Depart the Abyss, Bend Space, Banish, Corrupt, Enter the Abyss, Renounce
Religion


You were on level 4 of the Lair of Beasts.
You worshipped Lugonu.
Lugonu was extremely pleased with you.
You were hungry.

You visited 2 branches of the dungeon, and saw 15 of its levels.
You visited the Abyss 1 time.
You also visited: Gauntlet.

You collected 833 gold pieces.

Inventory:

Hand Weapons
 a - a +3 hand axe
 k - a +5 hand axe
 q - a +4 hand axe of venom (weapon)
Missiles
 n - 6 silver javelins (quivered)
Armour
 d - a +4 shield (worn)
 C - a +2 cloak of poison resistance (worn)
 K - a +0 chain mail of fire resistance (worn)
 L - a +2 pair of gloves of strength (worn)
Jewellery
 h - a +6 amulet of reflection (around neck)
 r - a ring of positive energy (right hand)
 t - an uncursed ring of resist corrosion
 x - an uncursed ring of flight
 y - an uncursed ring of protection from fire
 E - an uncursed amulet of regeneration
 F - an uncursed ring of positive energy
 G - the ring "Avoikeseo" (left hand) {Ice Str+8 Int-3 Slay+3}
   (You found it in a Gauntlet)

   [ring of ice]

   It enhances your ice magic.
   It affects your strength (+8).
   It affects your intelligence (-3).
   It affects your accuracy and damage with ranged weapons and melee attacks
   (+3).
   It makes you vulnerable to fire.
   It protects you from cold.
 O - an uncursed ring of protection from magic {unknown}
Wands
 g - a wand of digging (7)
 m - a wand of iceblast (21)
 v - a wand of scattershot (8)
 w - a wand of flame (17)
 B - a wand of paralysis (16)
 D - a wand of enslavement (17)
 N - a wand of disintegration (14)
Scrolls
 b - 6 scrolls of remove curse
 e - 4 scrolls of identify
 f - 6 scrolls of blinking
 i - 14 scrolls of teleportation
 A - 2 scrolls of fog
 I - 2 scrolls of fear
Potions
 j - a potion of lignification
 l - a potion of might
 o - 2 potions of heal wounds
 p - a potion of flight
 s - 2 potions of ambrosia
 u - 4 potions of curing
 z - 4 potions of resistance
 H - a potion of magic
 J - a potion of haste
Miscellaneous
 M - a box of beasts
Comestibles
 c - 21 rations


   Skills:
 + Level 7.1 Fighting
 + Level 9.4 Axes
 + Level 1.3 Throwing
 * Level 7.2 Armour
 + Level 3.1 Dodging
 * Level 10.1 Shields
 * Level 9.7 Invocations


You had 11 spell levels left.
You didn't know any spells.
Your spell library contained the following spells:

 Spells                   Type           Power        Failure   Level  Hunger
 Confusing Touch          Hex            #.....       88%         1    ##.....
 Magic Dart               Conj           #...         88%         1    ##.....
 Blink                    Tloc           N/A          96%         2    ###....
 Call Imp                 Summ           #.......     96%         2    ###....
 Searing Ray              Conj           #.....       96%         2    ###....
 Shroud of Golubria       Chrm/Tloc      #.....       96%         2    ###....
 Slow                     Hex            #.......     96%         2    ###....
 Swiftness                Chrm/Air       #.......     96%         2    ###....
 Confuse                  Hex            #.......     99%         3    ####...
 Conjure Flame            Conj/Fire      #.......     99%         3    ####...
 Dazzling Spray           Conj/Hex       #.....       99%         3    ####...
 Gell's Gravitas          Tloc           #.........   99%         3    ####...
 Ignite Poison            Fire/Tmut/Pois #.......     99%         3    ####...
 Inner Flame              Hex/Fire       #.......     99%         3    ####...
 Mephitic Cloud           Conj/Pois/Air  #.......     99%         3    ####...
 Portal Projectile        Hex/Tloc       #.....       99%         3    ####...
 Regeneration             Chrm/Necr      #.........   99%         3    ####...
 Spectral Weapon          Hex/Chrm       #.......     99%         3    ####...
 Tukima's Dance           Hex            #.......     99%         3    ####...
 Cause Fear               Hex            #.........   100%        4    #####..
 Force Lance              Conj/Tloc      #.......     100%        4    #####..
 Fulminant Prism          Conj/Hex       #.........   100%        4    #####..
 Iskenderun's Mystic Bla  Conj           #.......     100%        4    #####..
 Passage of Golubria      Tloc           N/A          100%        4    #####..
 Petrify                  Tmut/Erth      #.......     100%        4    #####..
 Iskenderun's Battlesphe  Conj/Chrm      #.......     100%        5    ######.
 Metabolic Englaciation   Hex/Ice        #.........   100%        5    ######.
 Yara's Violent Unravell  Hex/Tmut       #.........   100%        5    ######.
 Deflect Missiles         Chrm/Air       #.........   100%        6    #######
 Dispersal                Tloc           #.........   100%        6    #######
 Ring of Flames           Chrm/Fire      #.........   100%        7    #######
 Ignition                 Fire           #.........   100%        8    #######


Dungeon Overview and Level Annotations

Branches:
Dungeon (11/15)            Temple (0/1) D:6            Lair (4/6) D:11
 Shoals (0/4) Lair:3       Spider (0/4) Lair:3          Orc (0/2) D:9

Altars:
Ashenzari
Fedhas
Qazlal
Ru
Sif Muna
Wu Jian
The Shining One


Innate Abilities, Weirdness & Mutations

You have hooves in place of feet.
Armour fits poorly on your strangely shaped body.
You cover ground very quickly.
You have extremely tough skin. (AC +3)
You are partially covered in icy blue scales. (AC +2)
You are occasionally teleported next to monsters.
You expend magic power (3 MP) to strengthen your wands.


Message History

You barely miss the lindwurm.
You kick the lindwurm, but do no damage.
The lindwurm is moderately wounded.
Unknown command.
You hit the lindwurm.
The lindwurm looks as sick as possible!
You kick the lindwurm.
The lindwurm is heavily wounded.
You block the lindwurm's attack.
The lindwurm claws you but does no damage.
You block the lindwurm's attack.
Unknown command.
You hit the lindwurm.
The lindwurm looks as sick as possible!
The lindwurm is severely wounded.
The lindwurm bites you!
* * * LOW HITPOINT WARNING * * *
You block the lindwurm's attack. x2
Unknown command.
The lindwurm breathes flames at you. The blast of flame hits you!!
You die...

#.......^..###.#.#.##............
#......##...................#.#.#
........#...#.....§§§§.....##....
.......##..........≈≈§...........
#.......#.....§§≈≈§§§§≈≈.........
#.............§§§§≈§§§≈≈≈≈......#
##....#.P...§§≈§§§≈§≈≈≈≈≈≈≈...###
............§§≈≈≈≈§§§≈≈§≈≈≈≈..§##
..........§§§§≈≈@≈....≈≈≈ ≈.....
...........§≈≈≈§...##... §≈....
...........§§≈≈≈.k## ≈≈....
...........§§§≈..#k? §≈....
##P#...#..≈§≈≈≈.##k) §§≈...
###.##...≈§≈§≈.# :)> ≈≈§≈§...
##.###...§§≈≈.§#.[). .≈§§§....
##..####..§≈≈≈≈..####..≈≈≈§≈§..#
##......'..§≈≈§≈...##..§≈≈≈≈≈..##


You could see 3 lindwurms.

Vanquished Creatures
  A minotaur (Gauntlet)
  The ghost of Nilosor the Zephyrmancer, a journeyman DrAE of Sif Muna (Lair:4)
  Harold (D:7)
  Pikel (D:4)
  A lindwurm (Lair:4)
  An ugly thing (D:8)
  2 black mambas (Lair:3)
  4 spiny frogs
  A kobold demonologist (D:11)
  4 komodo dragons
  A troll (D:11)
  A merfolk (D:10)
  4 polar bears (Lair:1)
  Grinder (D:3)
  6 blink frogs
  5 hippogriffs
  A meliai zombie (D:11)
  Sigmund (D:4)
  2 redbacks (Gauntlet)
  A wyvern (D:9)
  17 yaks
  Eustachio (D:4)
  3 hungry ghosts
  2 large abominations (Gauntlet)
  4 wargs
  9 porcupines
  6 water moccasins
  2 orc warriors (D:9)
  4 small abominations (Gauntlet)
  Duvessa (D:7)
  2 sky beasts
  An eye of draining (D:9)
  2 black bears
  2 ice beasts
  3 phantoms
  2 necrophages
  3 centaurs
  2 ogres
  9 crocodiles
  A big kobold (D:11)
  16 bullfrogs
  A wyvern skeleton (D:9)
  Dowan (D:7)
  19 killer bees
  3 howler monkeys (D:8)
  A bullfrog zombie (D:7)
  3 crimson imps
  3 hounds
  A quasit (D:8)
  2 jellies
  11 orc priests
  2 bullfrog skeletons
  2 centaur skeletons
  Jessica (D:2)
  Ijyb (D:3)
  2 iguanas
  17 orc wizards
  9 worker ants
  A hound zombie (D:8)
  2 hound skeletons
  A howler monkey zombie (D:7)
  2 worker ant zombies
  12 adders
  4 shadow imps
  5 oozes
  An adder zombie (D:6)
  4 worms
  4 leopard geckos
  53 orcs
  2 ball pythons
  7 giant cockroaches
  9 goblins
  9 hobgoblins
  5 jackals
  4 quokkas
  A ball python skeleton (D:4)
  13 bats
  8 frilled lizards
  8 kobolds
  8 rats
  A plant (Lair:2)
375 creatures vanquished.

Vanquished Creatures (others)
  An entropy weaver (Gauntlet)
  2 hydras
  5 centaurs
  An orc (D:9)
  A plant (Lair:1)
10 creatures vanquished.

Grand Total: 385 creatures vanquished

Notes
Turn   | Place    | Note
-------+----------+-------------------------------------------
     0 | Abyss:1  | Gargoyl the Centaur Abyssal Knight began the quest for the
                  | Orb.
     0 | Abyss:1  | Reached XP level 1. HP: 19/19 MP: 2/2
    71 | Abyss:3  | Noticed a white very ugly thing
    71 | Abyss:3  | Noticed a glowing orange brain
    71 | Abyss:3  | Noticed a glowing orange brain
    71 | Abyss:3  | Noticed an orange crystal statue
    71 | Abyss:3  | Noticed an orange crystal statue
    71 | Abyss:3  | Noticed a neqoxec
    71 | Abyss:3  | Noticed a starcursed mass
    71 | Abyss:3  | Noticed a neqoxec
    71 | Abyss:3  | Noticed a starcursed mass
    71 | Abyss:3  | Noticed a neqoxec
    83 | Abyss:3  | Noticed a thrashing horror
    85 | Abyss:3  | Noticed a thrashing horror
    86 | D:1      | Escaped the Abyss
   243 | D:1      | Reached XP level 2. HP: 19/26 MP: 3/3
   532 | D:1      | Reached * piety under Lugonu
   748 | D:1      | Reached skill level 1 in Dodging
   749 | D:1      | Reached XP level 3. HP: 28/31 MP: 4/4
   790 | D:1      | Reached skill level 1 in Shields
   814 | D:2      | Noticed Jessica
  1216 | D:2      | Reached XP level 4. HP: 38/38 MP: 5/5
  1327 | D:2      | Found a sacrificial altar of Ru.
  1403 | D:2      | Reached ** piety under Lugonu
  1533 | D:2      | Killed Jessica
  1533 | D:2      | Reached XP level 5. HP: 41/45 MP: 5/7
  1772 | D:2      | Found a faded altar of an unknown god.
  1822 | D:3      | Noticed Grinder
  1824 | D:3      | Paralysed by Grinder for 7 turns
  1989 | D:3      | Killed Grinder
  1989 | D:3      | Reached skill level 2 in Shields
  1989 | D:3      | Reached XP level 6. HP: 47/52 MP: 8/8
  2546 | D:3      | Found an ornate altar of the Wu Jian Council.
  2601 | D:3      | Noticed Ijyb
  2609 | D:3      | Killed Ijyb
  2804 | D:3      | Reached XP level 7. HP: 58/58 MP: 9/9
  2809 | D:3      | Reached *** piety under Lugonu
  2810 | D:3      | Reached skill level 3 in Shields
  3213 | D:4      | Found a shattered altar of Ashenzari.
  3697 | D:4      | Found a deep blue altar of Sif Muna.
  3725 | D:4      | Noticed Sigmund
  3740 | D:4      | Killed Sigmund
  3951 | D:4      | Noticed Eustachio
  3980 | D:4      | Killed Eustachio
  3980 | D:4      | Reached XP level 8. HP: 50/66 MP: 11/11
  4105 | D:4      | Noticed Pikel
  4122 | D:4      | Killed Pikel
  4122 | D:4      | Reached skill level 5 in Axes
  4122 | D:4      | Reached skill level 4 in Shields
  4543 | D:5      | Entered Level 5 of the Dungeon
  5397 | D:6      | Reached skill level 5 in Invocations
  5589 | D:6      | Reached XP level 9. HP: 72/72 MP: 12/12
  5751 | D:6      | Reached **** piety under Lugonu
  5812 | D:6      | Found a staircase to the Ecumenical Temple.
  6325 | D:7      | Reached skill level 5 in Shields
  6731 | D:7      | Reached skill level 5 in Fighting
  6945 | D:7      | Reached skill level 1 in Throwing
  7234 | D:7      | Noticed Dowan
  7236 | D:7      | Noticed Duvessa
  7245 | D:7      | Killed Dowan
  7248 | D:7      | Killed Duvessa
  7439 | D:7      | Reached XP level 10. HP: 58/81 MP: 14/14
  7684 | D:7      | Noticed Harold
  7709 | D:7      | Killed Harold
  7709 | D:7      | Reached skill level 5 in Armour
  7709 | D:7      | Reached skill level 6 in Shields
  7858 | D:8      | Gained mutation: You are partially covered in icy blue
                  | scales. (AC +2) [potion of mutation]
  7858 | D:8      | Gained mutation: You are occasionally teleported next to
                  | monsters. [potion of mutation]
  7858 | D:8      | Gained mutation: You expend magic power (3 MP) to
                  | strengthen your wands. [potion of mutation]
  7876 | D:8      | Noticed a purple ugly thing
  8045 | D:8      | Killed a purple ugly thing
  8699 | D:9      | Reached skill level 7 in Shields
  8889 | D:9      | Reached ***** piety under Lugonu
  9232 | D:8      | Reached XP level 11. HP: 69/89 MP: 16/16
  9598 | D:8      | Found a glowing golden altar of the Shining One.
 10146 | D:8      | Found a stormy altar of Qazlal.
 10376 | D:9      | Found a staircase to the Orcish Mines.
 10858 | D:10     | Entered Level 10 of the Dungeon
 11053 | D:10     | Noticed a two-headed ogre
 11067 | D:10     | Banished a two-headed ogre
 11067 | D:10     | Reached skill level 8 in Shields
 12035 | D:10     | Found a blossoming altar of Fedhas.
 12881 | D:11     | Found a staircase to the Lair.
 13220 | D:11     | Found a shattered altar of Ashenzari.
 13465 | Lair:1   | Entered Level 1 of the Lair of Beasts
 13557 | Lair:1   | You fall into a shaft and drop 1 floor!
 13575 | Lair:2   | Noticed a seven-headed hydra
 13584 | Lair:2   | Banished a seven-headed hydra
 13659 | Lair:2   | You fall into a shaft and drop 1 floor!
 13864 | Lair:2   | Found a gate leading to a gauntlet.
 13988 | Gauntlet | Entered a Gauntlet
 13988 | Gauntlet | Found a transporter.
 13996 | Gauntlet | Found a transporter.
 13999 | Gauntlet | Noticed an obsidian statue
 14009 | Gauntlet | Noticed an entropy weaver
 14009 | Gauntlet | Noticed a green death
 14009 | Gauntlet | Found a transporter.
 14019 | Gauntlet | Banished an entropy weaver
 14195 | Gauntlet | Found a transporter.
 14220 | Gauntlet | Noticed a large abomination
 14220 | Gauntlet | Found a transporter.
 14270 | Gauntlet | Killed a large abomination
 14517 | Gauntlet | Noticed a minotaur
 14537 | Gauntlet | Killed a minotaur
 14537 | Gauntlet | Reached skill level 9 in Shields
 14537 | Gauntlet | Reached XP level 12. HP: 92/97 MP: 18/18
 14547 | Gauntlet | Got a crude golden ring
 14549 | Gauntlet | Identified the Handbook of the Blaze and Dislocation
 14561 | Gauntlet | Identified Ziwus's Collected Works on Aid
 14719 | Lair:2   | Identified Tycleecw's Reference Book on Poisoning and
                  | Beguiling
 14857 | Lair:2   | Identified the ring "Avoikeseo" {Ice Str+8 Int-3 Slay+3}
                  | (You found it in a Gauntlet)
 15375 | Lair:1   | Noticed a five-headed hydra
 15381 | Lair:1   | Banished a five-headed hydra
 15994 | Lair:3   | Found a hole to the Spider Nest.
 16041 | Lair:3   | Found a staircase to the Shoals.
 16422 | Lair:3   | Noticed a five-headed hydra
 16433 | Lair:3   | Banished a five-headed hydra
 17067 | Lair:4   | Found a runed translucent door.
 17075 | Lair:4   | Reached skill level 10 in Shields
 17078 | Lair:4   | Noticed Nilosor's ghost (journeyman DrAE)
 17205 | Lair:4   | Killed Nilosor's ghost
 17782 | Lair:4   | Found the +3 crown of Dyrovepreva {rElec Int+2 SInv}
 17793 | Lair:4   | Killed from afar by a lindwurm

Levels and vault maps discovered:
D:1:      roderic_dead_forest, layout_loops_ring, grunt_decor_cap
D:2:      layout_loops_ring, nicolae_ru_great_annihilating_truth,
          chequers_ecumenical_altar_grove, uniq_jessica
D:3:      layout_basic, lemuel_doored_altar, uniq_grinder, uniq_ijyb
D:4:      layout_loops_ring, kennysheep_mini_moat, old_standard_altar,
          kennysheep_generic_room_12, uniq_pikel, uniq_eustachio, uniq_sigmund
D:5:      layout_loops_ring, first_ration
D:6:      layout_basic, minmay_temple_entry_stoned_glass
D:7:      layout_loops_ring, uniq_duvessa, uniq_harold
D:8:      layout_loops_ring, nicolae_qazlal_eye_of_the_storm,
          nicolae_overflow_crystal_walls
D:9:      layout_stronghold, erik_orc_4
D:10:     layout_stronghold, hangedman_fish_farm, fedhas_altar_fruit_tree
D:11:     layout_basic, erik_lair_orcish_takeover, basic_altar
Lair:1:   layout_regular_city, cheibrodos_lair_lostbears, grunt_megastairs_4,
          lemuel_fruit_fields, infiniplex_staircase_pool_2
Lair:2:   layout_cave_pods, gauntlet_entry_generic, beast_lair_carwin_7
Lair:3:   layout_roguey, minmay_shoals_entry_centaurs,
          spider_nest_entry_web_field
Lair:4:   layout_regular_city, gammafunk_ghost_grave, serial_bayou_pond_e,
          minmay_lindwurm_lava, serial_bayou_shore_b, grunt_megastairs_1

Skill      XL: |  1  2  3  4  5  6  7  8  9 10 11 12 |
---------------+-------------------------------------+-----
Axes           | 2 3 4 5 6 7 8 9 |  9.4
Dodging        | 1 2 3 |  3.1
Shields        | 1 2 3 4 5 7 9 10 | 10.1
Armour         | 2 3 4 5 6 7 |  7.2
Invocations    | 3 4 5 6 7 8 9 |  9.7
Fighting       | 4 5 6 7 |  7.1
Throwing       | 1 |  1.3

Action                   |  1- 3 |  4- 6 |  7- 9 | 10-12 || total
-------------------------+-------+-------+-------+-------++-------
Melee: Hand axe          |   103 |   136 |   373 |   953 ||  1565
       Kick              |     8 |    25 |    77 |   279 ||   389
Throw: Javelin           |       |       |    12 |    20 ||    32
Invok: Depart the Abyss  |     1 |       |       |       ||     1
       Bend Space        |       |       |       |     1 ||     1
       Banish            |       |       |       |    10 ||    10
  Use: Scroll            |     7 |     5 |    10 |    17 ||    39
       Potion            |       |     1 |       |     9 ||    10
 Stab: Paralysed         |       |     1 |       |       ||     1
  Eat: Chunk             |       |     4 |     9 |    21 ||    34
       Ration            |       |       |     1 |     4 ||     5
Armor: Leather armour    |    17 |       |       |       ||    17
       Chain mail        |    82 |    70 |    17 |    48 ||   217
       Fire dragon scale |       |       |    75 |   173 ||   248
Dodge: Dodged            |     7 |    13 |    42 |   150 ||   212
Block: Shield            |    53 |   109 |   292 |   943 ||  1397
       Reflection        |       |     3 |     8 |    39 ||    50

Table legend:
 A = Non-vault XP
 B = Vault XP
 C = Vault XP percentage of total XP
 D = Non-vault monster count
 E = Vault monster count
 F = Vault count percentage of total count
                 A         B        C        D         E       F
            +---------+---------+-------+---------+---------+-------
      Total |   24728 |   12260 |  33.1 |     319 |      66 |  17.1
            +---------+---------+-------+---------+---------+-------
        D:1 |      48 |       0 |   0.0 |      25 |       0 |   0.0
        D:2 |      99 |      76 |  43.4 |      31 |       5 |  13.9
        D:3 |     336 |     317 |  48.5 |      36 |       2 |   5.3
        D:4 |     281 |    1136 |  80.2 |      19 |       3 |  13.6
        D:5 |     189 |       0 |   0.0 |       8 |       0 |   0.0
        D:6 |     874 |       0 |   0.0 |      25 |       0 |   0.0
        D:7 |    2097 |    1186 |  36.1 |      28 |       3 |   9.7
        D:8 |    3466 |     199 |   5.4 |      45 |       2 |   4.3
        D:9 |    2798 |     285 |   9.2 |      27 |      13 |  32.5
       D:10 |    1229 |     656 |  34.8 |       9 |       3 |  25.0
       D:11 |    1855 |     343 |  15.6 |      18 |       7 |  28.0
     Lair:1 |    3008 |    1246 |  29.3 |      14 |       5 |  26.3
     Lair:2 |    1499 |     645 |  30.1 |       7 |       6 |  46.2
     Lair:3 |    4695 |     218 |   4.4 |      17 |       2 |  10.5
     Lair:4 |    2254 |    2115 |  48.4 |      10 |       5 |  33.3
   Gauntlet |       0 |    3838 | 100.0 |       0 |      10 | 100.0
            +---------+---------+-------+---------+---------+-------
